 Dungeon Crawl Stone Soup version 0.31-a0-1204-ge2c1a860ed (webtiles) character file.

Game seed: 10497090319875369819

84 Curundu the Slasher (level 4, -2/37 HPs)
             Began as a Merfolk Berserker on Dec 12, 2023.
             Was a Follower of Trog.
             Slain by an ogre
             ... wielding a +0 giant club
              (21 damage)
             ... on level 4 of the Dungeon.
             The game lasted 00:03:23 (942 turns).

Curundu the Slasher (Merfolk Berserker)              Turns: 942, Time: 00:03:24

Health: -2/37      AC:  3    Str: 19    XL:     4   Next: 46%
Magic:  4/4        EV: 12    Int:  6    God:    Trog [*.....]
Gold:   61         SH:  0    Dex: 13    Spells: 3/3 levels left

rFire   . . .        a - +0 falchion
rCold   . . .        (no shield)
rNeg    . . .        e - +0 leather armour
rPois   .            (no helmet)
rElec   .            (no cloak)
rCorr   .            (no gloves)
SInv    .            (no boots)
Will    .....        (no amulet)
Stlth   +            (no ring)
HPRegen 0.26/turn    (no ring)
MPRegen 0.09/turn

%: no passive effects
@: no status effects
A: (nimble swimmer 2), mertail
a: Renounce Religion, Berserk


You were on level 4 of the Dungeon.
You worshipped Trog.
Trog was aware of your devotion.
You visited 1 branch of the dungeon, and saw 3 of its levels.

You collected 61 gold pieces.

Inventory:

Hand Weapons
 a - a +0 falchion (weapon)
Missiles
 c - 5 poisoned darts
 h - 3 boomerangs (quivered)
Armour
 b - a +0 animal skin
 e - a +0 leather armour (worn)
Magical Staves
 i - a staff of cold
Jewellery
 f - a ring of magical power
Scrolls
 d - a scroll of torment {unknown}
 k - a scroll of teleportation {unknown}
Potions
 g - a potion of mutation {unknown}
 j - a potion of curing {unknown}


   Skills:
 + Level 4.2 Fighting
 + Level 4.5 Long Blades
 + Level 1.5 Throwing
 + Level 1.5 Armour
 + Level 2.9 Dodging
 + Level 0.5 Stealth


You had 3 spell levels left.
You didn't know any spells.
Your spell library was empty.

Dungeon Overview and Level Annotations

Branches:
Dungeon (2/15)

Altars:


Innate Abilities, Weirdness & Mutations

((You are very nimble when in or above water. (Stealth+, EV+, Speed+++)))
Your lower body shifts to a powerful aquatic tail in water.


Message History

You hit the iguana.
You kill the iguana!
Trog accepts your kill.
The kobold hits you with a +0 short sword.
Your Throwing skill increases to level 1!
You have reached level 4!
You hit the kobold.
The kobold is heavily wounded.
The kobold hits you but does no damage.
You hit the kobold.
You kill the kobold!
Trog accepts your kill.
Found a falchion.
Things that are here:
a +0 short sword; a kobold corpse A goblin comes into view.
It is wielding a +0 dagger.
You see here an iguana corpse.
The goblin shouts!
You miss the goblin. The goblin hits you but does no damage.
An adder comes into view.
The adder hisses angrily.
You hit the goblin.
You kill the goblin!
Trog accepts your kill.
You hear a shout!
The adder closely misses you.
You see here a +0 dagger.
An ogre comes into view. It is wielding a +0 giant club.
The adder closely misses you. The adder barely misses you.
You barely miss the adder. The adder bites you.
You closely miss the adder. The adder closely misses you. The adder bites you.
You hit the adder.
The adder is heavily wounded.
The ogre hits you with a +0 giant club! The adder bites you but does no damage.
You hit the ogre.
The ogre is lightly wounded.
The adder barely misses you.
The ogre hits you with a +0 giant club!!
Ouch! That really hurt!
You die...

#...# #.. #.... #..
#...# .. #...# # ##.#
...####### .#.#...
..........
.......###.....###
......O...).##...#
......S@##†...##.#
...)..#).........#######
......######.##†...##...
.... ....###..†##.......
... ##.....#........##
#. ................## #
......#.####..#..##
.####...####.......
............†...


You could see an ogre and an adder.

Vanquished Creatures
  A jelly (D:4)
  An iguana (D:4)
  An adder (D:2)
  A worm (D:4)
  2 giant cockroaches
  2 goblins (D:4)
  A hobgoblin (D:1)
  A kobold (D:4)
  3 quokkas
  A ball python (D:4)
  3 frilled lizards
17 creatures vanquished.

Notes
Turn   | Place    | Note
-------+----------+-------------------------------------------
     0 | D:1      | Curundu the Merfolk Berserker began the quest for the Orb.
     0 | D:1      | Reached XP level 1. HP: 18/18 MP: 1/1
   545 | D:2      | Reached XP level 2. HP: 6/24 MP: 2/2
   688 | D:2      | You fall into a shaft and drop 2 floors!
   703 | D:4      | Reached XP level 3. HP: 9/30 MP: 3/3
   879 | D:4      | Reached skill level 1 in Throwing
   879 | D:4      | Reached XP level 4. HP: 20/37 MP: 4/4
   938 | D:4      | Noticed an ogre
   942 | D:4      | Slain by an ogre

Illustrated notes

Levels and vault maps discovered:
D:1:      tarquinn_simple_flora_water_a, layout_basic
D:2:      layout_loops_ring, minmay_randomly_rotated_circles
D:4:      layout_rooms, nicolae_overflow_hidden_temple, dk_yredelemnul_ordeal,
          minmay_between

Skill      XL: |  1  2  3 |
---------------+----------+-----
Long Blades    | 4 |  4.5
Fighting       | 4 |  4.2
Throwing       | 1 |  1.5
Armour         | |  1.5
Dodging        | |  2.9
Stealth        | |  0.5

Action                     |  1- 3 |  4- 6 || total
---------------------------+-------+-------++-------
  Melee: Falchion          |    47 |     8 ||    55
         Punch             |     1 |       ||     1
  Throw: Boomerang         |    28 |       ||    28
         Dart              |     4 |       ||     4
 Armour: Leather armour    |    27 |     7 ||    34
  Dodge: Dodged            |    30 |     5 ||    35

Table legend: (Time is in decaauts)
 A = Elapsed time spent in this place.
 B = Non-inter-level travel time spent in this place.
 C = Inter-level travel time spent in this place.
 D = Time resting spent in this place.
 E = Time spent auto-exploring this place.
 F = Levels seen in this place.
 G = Mean time per level.
                   A        B        C        D        E       F      G
               +--------+--------+--------+--------+--------+-----+--------+
         Total |    954 |    954 |      0 |      0 |    744 |   3 |  318.0 |
       Dungeon |    954 |    954 |      0 |      0 |    744 |   3 |  318.0 |
               +--------+--------+--------+--------+--------+-----+--------+

Top non-repeatable levels by time:
     D:1: 536 daAuts
     D:4: 261 daAuts
     D:2: 156 daAuts
